 Dungeon Crawl Stone Soup version 0.30-a0-1053-gbd8d5ba0ad (webtiles) character file.

Game seed: 6322170649807780081

1194 GigaChad the Chopper (level 8, -6/62 HPs)
             Began as a Formicid Fighter on Apr 11, 2023.
             Mangled by a killer bee (7 damage)
             ... on level 6 of the Dungeon.
             The game lasted 00:05:04 (4406 turns).

GigaChad the Chopper (Formicid Fighter)             Turns: 4406, Time: 00:05:05

Health: -6/62      AC: 10    Str: 22    XL:     8   Next: 71%
Magic:  8/8        EV:  8    Int:  9    God:
Gold:   163        SH:  5    Dex: 13    Spells: 7/7 levels left

rFire   . . .      SeeInvis +    a - +0 war axe (vamp)
rCold   . . .      Faith    .    c - +0 buckler
rNeg    . . .      Spirit   .    u - +0 chain mail
rPois   .          Reflect  .    (helmet unavailable)
rElec   .          Rampage  .    (no cloak)
rCorr   +                        (no gloves)
Will    .....                    (no boots) Stlth
                                 (no amulet)
HPRegen 0.30/turn                t - ring of resist corrosion
MPRegen 0.11/turn                (no ring)

@: lethally poisoned (-6 -> -29)
A: permanent stasis, dig shafts and tunnels, antennae 3, four strong arms
a: Dig, Shaft Self


You were on level 6 of the Dungeon.
You visited 1 branch of the dungeon, and saw 6 of its levels.

You collected 163 gold pieces.

Inventory:

Hand Weapons
 a - a +0 vampiric war axe (weapon)
Armour
 b - a +0 scale mail
 c - a +0 buckler (worn)
 u - a +0 chain mail (worn)
Jewellery
 m - a ring of protection from cold
 r - a ring of flight
 t - a ring of resist corrosion (left hand)
 v - an amulet of the acrobat
Wands
 j - a wand of polymorph (21)
 q - a wand of flame (8)
 s - a wand of light (11)
Scrolls
 e - a scroll of summoning
 f - 3 scrolls of poison
 o - 2 scrolls of silence
 p - 2 scrolls of identify
Potions
 d - a potion of might
 g - a potion of ambrosia {unknown}
 i - 2 potions of resistance {unknown}
 k - 2 potions of curing {unknown}
 l - a potion of degeneration {unknown}
 n - a potion of haste {unknown}
 w - 2 potions of brilliance {unknown}
 x - a potion of flight {unknown}


   Skills:
 + Level 5.1 Fighting
 + Level 7.0 Axes
 + Level 6.1 Armour
 + Level 1.6 Dodging
 + Level 1.1 Stealth
 + Level 5.6 Shields


You had 7 spell levels left.
You didn't know any spells.
Your spell library contained the following spells:

 Spells                   Type           Power      Damage    Failure   Level
 Summon Small Mammal      Summ           0%         N/A       96%         1
 Call Canine Familiar     Summ           0%         N/A       100%        3
 Summon Guardian Golem    Hex/Summ       0%         N/A       100%        3


Dungeon Overview and Level Annotations

Branches:
Dungeon (6/15)
 Temple: D:4-7

Altars:
Fedhas
Ru
Zin

Annotations:
D:3 2 transporters, GigaChad's ghost, amateur FoFi
D:5 3 runed translucent doors, baller8008's ghost, novice DECj


Innate Abilities, Weirdness & Mutations

You cannot be hasted, slowed, berserked, paralysed or teleported.
You can dig through walls and to a lower floor.
You have a pair of large antennae on your head. (SInv)
Your four strong arms can wield two-handed weapons with a shield.


Message History

You are more poisoned.
The killer bee poisons you!
The killer bee stings you but does no damage.
You miss the killer bee.
The killer bee is severely wounded.
You hit the killer bee.
You feel better.
You slash the killer bee! x2
You kill the killer bee!
You feel very sick. The killer bee stings you.
* * * LOW HITPOINT WARNING * * *
The killer bee stings you but does no damage.
You block the killer bee's attack.
The killer bee stings you but does no damage.
The killer bee closely misses you. You block the killer bee's attack.
The killer bee stings you.
* * * LOW HITPOINT WARNING * * *
The killer bee barely misses you.
The killer bee stings you but does no damage.
Your Axes skill increases to level 7!
Are you sure you want to shaft yourself?
* * * LOW HITPOINT WARNING * * *
You feel very sick. The killer bee completely misses you.
The killer bee barely misses you.
The killer bee stings you but does no damage.
The killer bee barely misses you.
The killer bee stings you but does no damage.
The killer bee stings you.
* * * LOW HITPOINT WARNING * * *
You are more poisoned.
The killer bee poisons you!
You begin to dig a shaft.
You continue digging a shaft.
* * * LOW HITPOINT WARNING * * *
You feel very sick. The killer bee stings you.
* * * LOW HITPOINT WARNING * * *
You are more poisoned.
The killer bee poisons you! The killer bee stings you.
* * * LOW HITPOINT WARNING * * *
The killer bee closely misses you. The killer bee stings you!
You die...

#.########............
#......# #.#.#.######
######.# #.#.#.#
#.###.#.#.#
#...).#.#.##
####..#....# #..#....#
#..#....#####.#.#
#......@y.†.....#
#......yy..####..
#..........#
#...........#
###.#...###.# #.#....
.# # ####. .. . ###


You could see 3 killer bees.

Vanquished Creatures
  Edmund (D:5)
  2 black bears (D:4)
  Blork the orc (D:4)
  4 scorpions
  A gnoll sergeant (D:5)
  3 killer bees (D:6)
  2 hounds
  An orc priest (D:3)
  Jessica (D:2)
  4 iguanas
  An orc wizard (D:3)
  5 gnolls (D:5)
  5 adders
  2 worms
  A dart slug (D:2)
  7 orcs
  5 bats
  4 endoplasms
  4 giant cockroaches (D:1)
  5 goblins
  6 hobgoblins
  3 jackals (D:1)
  A quokka (D:4)
  5 ball pythons
  4 frilled lizards
  4 kobolds
  2 rats
84 creatures vanquished.

Vanquished Creatures (others)
  9 fungi (D:3)
  6 plants (D:3)
15 creatures vanquished.

Grand Total: 99 creatures vanquished

Notes
Turn   | Place    | Note
-------+----------+-------------------------------------------
     0 | D:1      | GigaChad the Formicid Fighter began the quest for the Orb.
     0 | D:1      | Reached XP level 1. HP: 18/18 MP: 1/1
   106 | D:1      | Reached XP level 2. HP: 23/24 MP: 2/2
   245 | D:1      | Reached XP level 3. HP: 19/29 MP: 3/3
  1139 | D:2      | Reached skill level 3 in Axes
  1139 | D:2      | Reached XP level 4. HP: 36/36 MP: 4/4
  1297 | D:2      | Noticed Jessica
  1318 | D:2      | Killed Jessica
  1671 | D:3      | Reached XP level 5. HP: 41/42 MP: 5/5
  1793 | D:3      | Noticed GigaChad's ghost (amateur FoFi)
  1794 | D:3      | Found a transporter.
  2036 | D:3      | Found a blossoming altar of Fedhas.
  2226 | D:3      | Found a transporter.
  2293 | D:4      | Reached skill level 4 in Axes
  2293 | D:4      | Reached skill level 1 in Dodging
  2378 | D:4      | Found a sacrificial altar of Ru.
  2457 | D:4      | Reached XP level 6. HP: 36/48 MP: 6/6
  2575 | D:4      | Noticed Blork the orc
  2587 | D:4      | Killed Blork the orc
  2588 | D:4      | Reached skill level 5 in Axes
  2588 | D:4      | Reached skill level 1 in Stealth
  2588 | D:4      | Reached XP level 7. HP: 43/54 MP: 7/7
  2670 | D:4      | Reached skill level 5 in Shields
  2871 | D:4      | Reached skill level 5 in Armour
  3003 | D:5      | Entered Level 5 of the Dungeon
  3137 | D:5      | Reached skill level 6 in Axes
  3137 | D:5      | Reached XP level 8. HP: 61/61 MP: 8/8
  3379 | D:5      | Noticed Edmund
  3397 | D:5      | Killed Edmund
  3428 | D:5      | Found a glowing silver altar of Zin.
  3556 | D:5      | Found a runed translucent gate.
  3556 | D:5      | Found a runed translucent gate.
  3556 | D:5      | Found a runed translucent gate.
  3557 | D:5      | Noticed baller8008's ghost (novice DECj)
  4397 | D:6      | Reached skill level 5 in Fighting
  4405 | D:6      | Reached skill level 7 in Axes
  4406 | D:6      | HP: 2/62 [killer bee (2)]
  4406 | D:6      | Mangled by a killer bee

Illustrated notes

Levels and vault maps discovered:
D:1:      amcnicky_arrival_single_pillar, layout_loops_ring, minivault_27,
          st_stairs_5
D:2:      layout_basic, uniq_jessica
D:3:      layout_loops_ring, fedhas_altar_3, gammafunk_ghost_stat_death
D:4:      layout_cave_pools, nicolae_ru_the_path_less_chosen, uniq_blork_the_orc
D:5:      layout_basic, mainiacjoe_overflow_concentric_impassable,
          gammafunk_ghost_split, hangedman_abyss_or_decor_lesser_grid,
          uniq_edmund
D:6:      layout_loops_ring, minmay_temple_entry_antechambers, uniq_grinder

Skill      XL: |  1  2  3  4  5  6  7  8 |
---------------+-------------------------+-----
Axes           | 3 4 5 6 7 |  7.0
Armour         | 4 5 6 |  6.1
Dodging        | 1 |  1.6
Fighting       | 4 5 |  5.1
Stealth        | 1 |  1.1
Shields        | 5 |  5.6

Action                     |  1- 3 |  4- 6 |  7- 9 || total
---------------------------+-------+-------+-------++-------
  Melee: War axe           |    59 |    98 |   129 ||   286
Ability: Shaft Self        |       |       |     1 ||     1
    Use: Scroll            |       |     9 |     3 ||    12
         Potion            |       |       |     1 ||     1
 Armour: Scale mail        |    26 |    26 |    25 ||    77
         Chain mail        |       |       |    53 ||    53
  Dodge: Dodged            |    47 |    41 |    93 ||   181
  Block: Buckler           |    20 |    23 |    58 ||   101

Table legend: (Time is in decaauts)
 A = Elapsed time spent in this place.
 B = Non-inter-level travel time spent in this place.
 C = Inter-level travel time spent in this place.
 D = Time resting spent in this place.
 E = Time spent auto-exploring this place.
 F = Levels seen in this place.
 G = Mean time per level.
                   A        B        C        D        E       F      G
               +--------+--------+--------+--------+--------+-----+--------+
         Total |   4490 |   4365 |    125 |    186 |   3428 |   6 |  748.3 |
       Dungeon |   4490 |   4365 |    125 |    186 |   3428 |   6 |  748.3 |
               +--------+--------+--------+--------+--------+-----+--------+

Top non-repeatable levels by time:
     D:5: 1301 daAuts
     D:1: 855 daAuts
     D:2: 821 daAuts
     D:4: 743 daAuts
     D:3: 649 daAuts
     D:6: 120 daAuts
